 Dungeon Crawl Stone Soup version 0.16.0-11-gd45b091 (webtiles) character file.

24352 Tolias the Sharpshooter (level 13, -2/82 HPs)
             Began as a Tengu Artificer on Mar 17, 2015.
             Was an Elder of Elyvilon.
             Hit by a steel javelin thrown by a minotaur (32 damage)
             ... in a labyrinth.
             The game lasted 00:59:37 (20168 turns).

Tolias the Sharpshooter (Tengu Artificer)          Turns: 20168, Time: 00:59:38

Health: -2/82      AC: 14    Str: 15    XL:     13   Next: 12%
Magic:  24/24      EV: 15    Int: 14    God:    Elyvilon [****..]
Gold:   1258       SH:  0    Dex: 15    Spells: 0 memorised, 12 levels left

rFire  . . .     SeeInvis .     b - +6 arbalest
rCold  . . .     Clarity  .     H - +3 ring mail {rPois}
rNeg   + . .     SustAb   .     (no shield)
rPois  +         Gourm    .     (helmet restricted)
rElec  .         Spirit   .     I - +2 cloak {MR+}
rCorr  .         Warding  .     B - +0 pair of gloves
rMut   .         Stasis   .     (boots unavailable)
MR     ++...                    A - amulet of rage
Stlth  +.........               p - ring of positive energy
                                d - ring of protection from magic

@: very slightly contaminated, hasted, studying Fighting, very quick, very
resistant to hostile enchantments, very unstealthy
A: able to fly, beak, talons 3
a: Fly, Lesser Healing, Divine Protection, Heal Other, Purification, Greater
Healing, Renounce Religion, Evoke Berserk Rage


You were in a labyrinth.
You worshipped Elyvilon.
Elyvilon was greatly pleased with you.
You were not hungry.

You visited 3 branches of the dungeon, and saw 17 of its levels.
You also visited: Labyrinth, Sewer and Bailey.

You collected 1258 gold pieces.

Inventory:

Hand weapons
 a - a +3 spear of venom
 b - a +6 arbalest (weapon)
 l - a +0 hunting sling
 w - a +0 blowgun
Missiles
 g - 214 bolts (quivered)
 m - 4 javelins
 t - 27 poisoned needles
 y - 9 bolts of frost
Armour
 j - a +4 plate armour
 B - a +0 pair of gloves (worn)
 H - a +3 ring mail of poison resistance (worn)
 I - a +2 cloak of magic resistance (worn)
Jewellery
 d - a ring of protection from magic (left hand)
 p - a ring of positive energy (right hand)
 A - an amulet of rage (around neck)
 C - an uncursed ring of poison resistance
Magical devices
 c - a wand of enslavement (14)
 q - a wand of polymorph (10)
 D - a wand of disintegration (2)
 J - a wand of flame (8)
 N - a wand of digging (13)
 S - a wand of magic darts (28)
 W - a wand of paralysis (14)
 Y - a wand of frost (29)
 Z - a wand of digging (9)
Scrolls
 s - a scroll of fog
 u - 5 scrolls of teleportation
 K - a scroll of fear
 P - 2 scrolls of recharging
 T - 4 scrolls of remove curse
Potions
 h - 4 potions of might
 n - a potion of berserk rage {unknown}
 o - a potion of cure mutation
 r - 2 potions of magic
 v - 5 potions of curing
 z - a potion of flight
 F - a potion of restore abilities
 G - 2 potions of brilliance
 L - 2 potions of agility
 U - a potion of ambrosia
 X - 2 potions of haste
Books
 E - a manual of Fighting
Miscellaneous
 k - an ornate deck of wonders
 M - a phial of floods (inert)
Comestibles
 f - a bread ration
 i - 8 meat rations
 x - 5 beef jerkies
 R - 9 royal jellies
 V - 10 fruits


   Skills:
 - Level 10.1 Fighting
   Level 1.1 Short Blades
 - Level 8.0 Polearms
 + Level 15.1 Crossbows
 - Level 7.1 Armour
 - Level 7.2 Dodging
 - Level 1.0 Stealth
 - Level 4.4 Invocations
 - Level 6.2 Evocations


You had 12 spell levels left.
You didn't know any spells.

Dungeon Overview and Level Annotations

Branches:
Dungeon (11/15)            Temple (1/1) D:4            Lair (5/8) D:11
  Swamp: Lair:3-6    Shoals: Lair:3-6     Snake: Lair:3-6    Spider: Lair:3-6
    Orc: D:9-12

Altars:
Ashenzari
Cheibriados
Elyvilon
Fedhas
Gozag
Makhleb
Nemelex Xobeh
Qazlal
Trog
Vehumet
Xom
Yredelemnul
Zin
The Shining One

Shops:
D:7 ?   D:10 *

Annotations:
Lair:3 exclusion: oklob plant
Lair:5 Fannar


Innate Abilities, Weirdness & Mutations

You can fly.
You have a beak for a mouth.
You have claws for feet.


Message History

* * * LOW HITPOINT WARNING * * *
Press: ? - help, v - describe, . - travel
Here: a minotaur, wielding a rod of ignition and wearing a shiny ring mail The floor.
Unknown command.
Drink which item? (? for menu, Esc to quit)
Okay, then.
Unknown command.
Use which ability? (? or * to list)
Okay, then.
Use which ability? (? or * to list)
Okay, then.
Unknown command.
Drink which item? (? for menu, Esc to quit)
You feel much better.
Drink which item? (? for menu, Esc to quit)
Okay, then.
Unknown command.
The minotaur throws a steel javelin.
The steel javelin hits you!!
You die...

# ...... . ..
# # .## #####
## #.#..
.#.#####
.#.#.#.# #
#...#.#
#.#...#.#
#.#.#.#.#####
#...#@#.....#
#####.#(###.#
#....H....#.#
#.###########


You could see a minotaur.

Vanquished Creatures
  A hydra (Lair:4)
  2 death yaks (Lair:5)
  3 hill giants
  An ice statue (D:11)
  An orc knight (Bailey)
  4 elephants (Lair:4)
  Maurice (D:11)
  4 spiny frogs
  4 komodo dragons
  A fire drake (Lair:3)
  Prince Ribbit (D:8)
  A boulder beetle (Lair:1)
  A slime creature (D:10)
  2 basilisks
  3 blink frogs (Lair:1)
  A wraith (D:10)
  21 yaks
  A shadow (D:11)
  Eustachio (D:6)
  2 deep elf magi
  A hungry ghost (D:10)
  6 hippogriffs
  5 water moccasins
  Menkaure (D:5)
  6 porcupines
  A black bear (D:9)
  14 orc warriors
  3 centaurs
  3 ice beasts
  A sky beast (D:11)
  2 necrophages
  3 eyes of draining
  4 ogres
  Sigmund (D:7)
  Duvessa (D:6)
  2 big kobolds
  7 crocodiles
  A brain worm (D:11)
  A wyvern zombie (D:10)
  Blork the orc (D:4)
  16 giant frogs
  A scorpion (D:11)
  5 killer bees (D:7)
  5 wights (D:8)
  3 goliath beetles
  Dowan (D:6)
  6 crimson imps
  A giant frog zombie (D:8)
  2 centaur skeletons
  2 giant frog skeletons (D:11)
  A centaur zombie (D:10)
  5 orc priests
  4 jellies
  Crazy Yiuf (D:5)
  9 hounds
  5 orc wizards
  5 iguanas
  A quasit (D:11)
  4 sheep (Lair:4)
  7 worker ants
  A sky beast zombie (D:11)
  Terence (D:2)
  A hound skeleton (D:4)
  A hound zombie (D:6)
  35 river rats (Lair:1)
  A worker ant zombie (D:9)
  20 adders
  A gnoll (D:1)
  A giant mite (D:6)
  5 shadow imps
  5 worms
  An adder skeleton (D:9)
  3 giant geckos
  9 oozes
  38 orcs
  3 ball pythons
  A bat zombie (D:6)
  5 giant cockroaches
  15 goblins
  11 hobgoblins
  5 jackals
  8 quokkas
  9 bats
  8 giant newts
  A giant spore (D:9)
  23 kobolds
  2 quokka skeletons
  A quokka zombie (D:9)
  23 rats
  12 ballistomycetes
  A butterfly (Lair:3)
455 creatures vanquished.

Vanquished Creatures (collateral kills)
  A torpor snail (Lair:4)
1 creature vanquished.

Vanquished Creatures (others)
  A water elemental (D:11)
  An orc warrior (Bailey)
  A centaur (D:11)
  2 giant spores (D:10)
  A kobold (D:9)
  A ballistomycete (D:10)
7 creatures vanquished.

Grand Total: 463 creatures vanquished

Notes
Turn   | Place    | Note
--------------------------------------------------------------
     0 | D:1      | Tolias, the Tengu Artificer, began the quest for the Orb.
     0 | D:1      | Reached XP level 1. HP: 12/12 MP: 1/1
   120 | D:1      | Reached skill level 1 in Polearms
   120 | D:1      | Reached XP level 2. HP: 14/16 MP: 4/4
   372 | D:1      | Reached XP level 3. HP: 20/20 MP: 5/5
  1125 | D:2      | Reached XP level 4. HP: 25/25 MP: 7/7
  1200 | D:2      | Noticed Terence
  1276 | D:2      | Killed Terence
  1276 | D:2      | Reached skill level 4 in Polearms
  1580 | D:2      | Found a radiant altar of Vehumet.
  2139 | D:3      | Reached XP level 5. HP: 29/29 MP: 9/9
  2348 | D:3      | Reached skill level 5 in Polearms
  2688 | D:4      | Found a snail-covered altar of Cheibriados.
  2691 | D:4      | Reached skill level 6 in Polearms
  2691 | D:4      | Reached XP level 6. HP: 34/34 MP: 11/11
  2885 | D:4      | Found a staircase to the Ecumenical Temple.
  2911 | Temple   | Entered the Ecumenical Temple
  2924 | Temple   | Became a worshipper of Elyvilon the Healer
  2975 | D:4      | Noticed a deep elf mage
  3101 | D:4      | Killed a deep elf mage
  3101 | D:4      | Reached skill level 1 in Invocations
  3318 | D:4      | Noticed Blork the orc
  3332 | D:4      | Killed Blork the orc
  3332 | D:4      | Reached XP level 7. HP: 38/38 MP: 12/12
  3375 | D:4      | Found a glowing golden altar of the Shining One.
  3462 | D:5      | Entered Level 5 of the Dungeon
  3462 | D:5      | Noticed Menkaure
  3467 | D:5      | Killed Menkaure
  3467 | D:5      | Reached skill level 7 in Polearms
  4028 | D:5      | Acquired Elyvilon's first power
  4264 | D:5      | Noticed Crazy Yiuf
  4269 | D:5      | Killed Crazy Yiuf
  4453 | D:6      | Reached skill level 8 in Polearms
  4570 | D:6      | Reached skill level 1 in Armour
  4637 | D:6      | Noticed Dowan
  4644 | D:6      | Noticed Duvessa
  4655 | D:6      | Killed Dowan
  4655 | D:6      | Reached XP level 8. HP: 38/44 MP: 16/16
  4658 | D:6      | Killed Duvessa
  4850 | D:6      | Noticed Eustachio
  4864 | D:6      | Killed Eustachio
  5043 | D:6      | Found a glowing drain.
  5055 | Sewer    | Entered a sewer
  5777 | D:7      | Reached skill level 5 in Armour
  5782 | D:7      | Reached skill level 5 in Fighting
  5788 | D:7      | Reached XP level 9. HP: 49/54 MP: 15/18
  5818 | D:7      | Noticed Sigmund
  5840 | D:7      | Killed Sigmund
  5901 | D:7      | Acquired Elyvilon's second power
  5946 | D:7      | Found Trajib's Magic Scroll Boutique.
  6220 | D:7      | Found a burning altar of Makhleb.
  6225 | D:7      | Found a glowing silver altar of Zin.
  6225 | D:7      | Noticed an angel
  6226 | D:7      | Noticed a balrug
  7163 | D:8      | Noticed Prince Ribbit
  7180 | D:8      | Killed Prince Ribbit
  7633 | D:8      | Acquired Elyvilon's third power
  7774 | D:8      | Reached skill level 5 in Evocations
  7831 | D:8      | Reached XP level 10. HP: 63/63 MP: 17/20
  8122 | D:9      | Found a shattered altar of Ashenzari.
  8186 | D:9      | Found a flagged portal.
  8200 | Bailey   | Entered a bailey
  9459 | Bailey   | Reached skill level 1 in Crossbows
  9643 | Bailey   | Noticed an orc knight
  9700 | Bailey   | Killed an orc knight
  9769 | Bailey   | Reached skill level 5 in Crossbows
  9976 | D:9      | Found a basalt altar of Yredelemnul.
  9976 | D:9      | Found an opulent altar of Gozag.
 10150 | D:9      | Acquired Elyvilon's fourth power
 10620 | D:10     | Entered Level 10 of the Dungeon
 10915 | D:10     | Reached XP level 11. HP: 64/68 MP: 22/22
 11277 | D:10     | Reached skill level 9 in Crossbows
 11574 | D:10     | Found Erpheitto's General Store.
 11599 | D:10     | Noticed a hill giant
 12093 | D:10     | Noticed a hill giant
 12489 | D:10     | Noticed a hill giant
 12751 | D:10     | Killed a hill giant
 12877 | D:10     | Killed a hill giant
 12877 | D:10     | Reached skill level 10 in Fighting
 13344 | D:11     | Found a staircase to the Lair.
 13420 | D:11     | Reached skill level 10 in Crossbows
 13888 | D:11     | Found a frozen archway.
 13888 | D:11     | Noticed an ice statue
 14091 | D:11     | Killed an ice statue
 14211 | D:11     | Noticed Maurice
 14224 | D:11     | Killed Maurice
 14224 | D:11     | Reached skill level 11 in Crossbows
 14227 | D:11     | Noticed a hill giant
 14297 | D:11     | Killed a hill giant
 14614 | Lair:1   | Entered Level 1 of the Lair of Beasts
 15020 | Lair:1   | Reached XP level 12. HP: 77/77 MP: 23/23
 15204 | Lair:1   | Reached skill level 12 in Crossbows
 15291 | Lair:1   | Reached skill level 5 in Dodging
 16540 | Lair:2   | Acquired Elyvilon's fifth power
 17444 | Lair:3   | Found a blossoming altar of Fedhas.
 18651 | Lair:4   | Reached skill level 13 in Crossbows
 18716 | Lair:4   | Noticed a five-headed hydra
 19113 | Lair:4   | Killed a five-headed hydra
 19155 | Lair:4   | Reached skill level 14 in Crossbows
 19682 | Lair:5   | Noticed Fannar
 19693 | Lair:5   | Found a labyrinth entrance.
 19693 | Lair:5   | Noticed a death yak
 19693 | Lair:5   | Noticed a death yak
 19745 | Lair:5   | Reached XP level 13. HP: 54/82 MP: 21/24
 19842 | Lair:5   | Killed a death yak
 19859 | Lair:5   | Killed a death yak
 19859 | Lair:5   | Reached skill level 15 in Crossbows
 19976 | Lab      | Entered a labyrinth
 20163 | Lab      | Noticed a minotaur
 20168 | Lab      | Hit by a steel javelin thrown by a minotaur

Action                   |  1- 3 |  4- 6 |  7- 9 | 10-12 | 13-15 || total
-------------------------+-------+-------+-------+-------+-------++-------
Melee: Spear             |    65 |    84 |   332 |   644 |     1 ||  1126
       Short sword       |     7 |       |       |       |       ||     7
 Fire: Arbalest          |       |       |       |   318 |    32 ||   350
       Blowgun           |       |       |       |    22 |       ||    22
Throw: Stone             |       |       |       |     4 |       ||     4
       Javelin           |       |       |       |     1 |     1 ||     2
Invok: Lesser Healing    |       |       |     3 |     2 |       ||     5
       Heal Other        |       |       |       |     7 |     2 ||     9
       Greater Healing   |       |       |       |     3 |       ||     3
       Purification      |       |       |       |     1 |       ||     1
 Abil: Fly               |       |     2 |    10 |    49 |     2 ||    63
       Evoke Berserk Rag |       |     1 |     4 |       |       ||     5
Evoke: Wand              |     2 |     4 |    10 |    45 |       ||    61
       Phial of floods   |       |       |       |     2 |       ||     2
  Use: Scroll            |     2 |     7 |    10 |    17 |       ||    36
       Potion            |       |       |     1 |     2 |     2 ||     5
 Stab: Sleeping          |     4 |       |       |     2 |       ||     6
       Paralysed         |       |       |       |     7 |       ||     7
       Fleeing           |       |       |       |     1 |       ||     1
  Eat: Chunk             |     1 |     7 |    14 |    20 |     1 ||    43
       Bread ration      |       |       |     1 |     5 |     1 ||     7
       Royal jelly       |       |       |       |     2 |     1 ||     3
       Pizza             |       |       |       |     1 |       ||     1
       Beef jerky        |       |       |       |     1 |       ||     1
